General information
- name: BNet
- type: Ladder team game (AT/RT)
- host: Battle.net
- saver: DiAbLo-JoiNt
map: Friends
- players: 8
- length: 841:07
- speed: Fast
- version: 1.24 W3XP
- replay type: Public
» download(1356 KB)
Players
team 1 (winner)
DiAbLo-JoiNt (
pink | 4 APM | 3737 actions | 841:07)
2 Archmage
1 Summon Water Elemental
1 Brilliance Aura
5 Warden
3 Blink
2 Fan of Knives
1 Tauren Chieftain
1 Endurance Aura
1 Shadow Hunter
1 Healing Wave
1 Far Seer
1 Far Sight
1 Blood Mage
1 Siphon Mana
1 Keeper of the Grove
1 Thorns Aura
1 Priestess of the Moon
1 Trueshot Aura
1 Paladin
1 Devotion Aura
» actions
| Assign group hotkey | 52 | |
| Basic commands | 122 | |
| Build / train | 166 | |
| ESC pressed | 12 | |
| Enter build submenu | 89 | |
| Enter hero's abilities submenu | 14 | |
| Give item / drop item | 1 | |
| Right click | 1385 | |
| Select / deselect | 834 | |
| Select group hotkey | 853 | |
| Use ability | 209 | |
3737 total
» units
| Peasant | 42 | |
| Peon | 7 | |
| Druid of the Claw | 6 | |
| Wisp | 10 | |
| Mortar Team | 1 | |
| Flying Machine | 3 | |
| Hippogryph | 9 | |
| Dryad | 8 | |
| Troll Batrider | 6 | |
| Chimaera | 8 | |
| Goblin Shredder | 1 | |
| Siege Engine | 3 | |
| Goblin Sapper | 5 | |
109 total
» upgrades
| Masonry | 3 | |
| Druid of the Claw Training | 2 | |
| Mark of the Claw | 1 | |
| Strength of the Wild | 3 | |
| Shaman Training | 1 | |
| Flak Cannons | 1 | |
| Corrosive Breath | 1 | |
| Lumber Harvesting | 1 | |
| Gunpowder | 2 | |
15 total
» buildings
| Altar of Kings | 2 | |
| Farm | 16 | |
| Lumber Mill | 2 | |
| Tree of Ages | 4 | |
| Ancient Protector | 1 | |
| Watch Tower | 10 | |
| Keep | 3 | |
| Scout Tower | 5 | |
| Stronghold | 3 | |
| Tree of Eternity | 2 | |
| Ancient of Lore | 4 | |
| Moon Well | 5 | |
| Guard Tower | 2 | |
| Orc Burrow | 8 | |
| Beastiary | 4 | |
| Ancient of Wind | 3 | |
| Ancient of Wonders | 1 | |
| Blacksmith | 2 | |
| Voodoo Lounge | 3 | |
| Fortress | 2 | |
| Workshop | 5 | |
| Castle | 3 | |
| Chimaera Roost | 2 | |
| Spirit Lodge | 1 | |
| Town Hall | 2 | |
| Tree of Life | 1 | |
| Great Hall | 3 | |
| Altar of Storms | 1 | |
100 total
» build order
00:11 Altar of Kings
00:20 Farm
04:41 Farm
04:56 Farm
06:01 Lumber Mill
06:08 Tree of Ages
06:08 Tree of Ages
06:10 Ancient Protector
06:20 Farm
06:55 Watch Tower
06:57 Keep
07:10 Farm
07:23 Scout Tower
07:27 Watch Tower
07:50 Farm
08:25 Stronghold
08:40 Tree of Eternity
08:46 Ancient of Lore
08:48 Ancient of Lore
08:50 Ancient of Lore
08:53 Ancient of Lore
08:59 Moon Well
09:01 Moon Well
09:05 Guard Tower
09:08 Scout Tower
09:14 Watch Tower
09:16 Watch Tower
09:17 Watch Tower
09:35 Scout Tower
09:36 Scout Tower
09:37 Scout Tower
09:42 Watch Tower
09:43 Watch Tower
10:34 Watch Tower
10:34 Watch Tower
10:37 Watch Tower
10:58 Moon Well
11:25 Orc Burrow
11:32 Guard Tower
11:58 Beastiary
12:00 Beastiary
12:19 Ancient of Wind
12:21 Ancient of Wonders
12:50 Blacksmith
13:16 Voodoo Lounge
13:21 Fortress
14:04 Workshop
14:06 Workshop
14:08 Castle
14:48 Chimaera Roost
14:49 Chimaera Roost
14:58 Moon Well
15:16 Spirit Lodge
15:21 Voodoo Lounge
16:16 Town Hall
16:22 Beastiary
16:24 Beastiary
17:30 Orc Burrow
17:30 Orc Burrow
17:44 Orc Burrow
18:23 Moon Well
18:34 Keep
21:14 Ancient of Wind
21:19 Ancient of Wind
27:25 Farm
27:32 Tree of Life
28:25 Great Hall
29:29 Altar of Kings
29:42 Town Hall
30:35 Farm
31:01 Orc Burrow
31:50 Stronghold
31:56 Great Hall
32:01 Great Hall
32:04 Orc Burrow
32:04 Orc Burrow
32:06 Orc Burrow
32:13 Altar of Storms
32:33 Lumber Mill
33:38 Keep
33:39 Tree of Ages
33:57 Voodoo Lounge
34:23 Fortress
34:24 Castle
36:34 Castle
36:36 Tree of Eternity
36:38 Stronghold
835:36 Blacksmith
835:41 Farm
836:31 Farm
836:33 Farm
837:06 Workshop
837:07 Workshop
837:10 Workshop
837:17 Farm
838:22 Farm
840:40 Farm
840:41 Farm
840:42 Farm

»
HClinton (
teal | 26 APM | 56 actions | 02:06)
» actions
| Basic commands | 3 | |
| Build / train | 7 | |
| Enter build submenu | 4 | |
| Right click | 17 | |
| Select / deselect | 19 | |
| Use ability | 6 | |
56 total
» units
» buildings
| Moon Well | 2 | |
| Altar of Elders | 1 | |
| Hunter's Hall | 1 | |
4 total
» build order
00:20 Moon Well
00:55 Altar of Elders
01:47 Moon Well
01:54 Hunter's Hall
EuroVisionisGG (
blue | 119 APM | 789 actions | 06:39)
1 Tauren Chieftain
1 Shockwave
1 Warden
1 Fan of Knives
» actions
| Assign group hotkey | 31 | |
| Basic commands | 9 | |
| Build / train | 19 | |
| ESC pressed | 1 | |
| Enter build submenu | 17 | |
| Enter hero's abilities submenu | 2 | |
| Right click | 311 | |
| Select / deselect | 74 | |
| Select group hotkey | 288 | |
| Use ability | 37 | |
789 total
» units
» buildings
| Altar of Storms | 1 | |
| Orc Burrow | 2 | |
| War Mill | 1 | |
| Watch Tower | 8 | |
| Ancient Protector | 2 | |
| Tree of Life | 1 | |
15 total
» build order
00:12 Altar of Storms
00:22 Orc Burrow
00:55 War Mill
02:08 Watch Tower
02:16 Watch Tower
02:27 Watch Tower
02:44 Watch Tower
02:56 Ancient Protector
02:58 Ancient Protector
03:23 Orc Burrow
03:26 Watch Tower
03:46 Watch Tower
06:08 Tree of Life
06:17 Watch Tower
06:18 Watch Tower
Gluttonous-Unit (
green | 2147 APM | 10601 actions | 04:56)
» actions
| Basic commands | 2 | |
| Build / train | 4 | |
| Right click | 80 | |
| Select / deselect | 14 | |
| Use ability | 10501 | |
10601 total
» units
» buildings
» build order
00:04 Orc Burrow
00:04 Orc Burrow
00:04 Orc Burrow
00:05 Orc Burrow
00:05 Orc Burrow
00:05 Orc Burrow
00:06 Orc Burrow
00:06 Orc Burrow
00:06 Orc Burrow
00:06 Orc Burrow
00:07 Orc Burrow
00:07 Orc Burrow
00:07 Orc Burrow
00:08 Orc Burrow
00:08 Orc Burrow
00:09 Orc Burrow
00:09 Orc Burrow
00:09 Orc Burrow
00:10 Orc Burrow
00:10 Orc Burrow
00:10 Orc Burrow
00:11 Orc Burrow
00:11 Orc Burrow
00:11 Orc Burrow
00:12 Orc Burrow
00:12 Orc Burrow
00:12 Orc Burrow
00:13 Orc Burrow
00:13 Orc Burrow
00:14 Orc Burrow
00:14 Orc Burrow
00:14 Orc Burrow
00:15 Orc Burrow
00:15 Orc Burrow
00:16 Orc Burrow
00:16 Orc Burrow
00:16 Orc Burrow
00:17 Orc Burrow
00:17 Orc Burrow
00:18 Orc Burrow
00:18 Orc Burrow
00:18 Orc Burrow
00:19 Orc Burrow
00:19 Orc Burrow
00:19 Orc Burrow
00:20 Orc Burrow
00:20 Orc Burrow
00:21 Orc Burrow
00:21 Orc Burrow
00:21 Orc Burrow
00:22 Orc Burrow
00:22 Orc Burrow
00:22 Orc Burrow
00:23 Orc Burrow
00:23 Orc Burrow
00:24 Orc Burrow
00:24 Orc Burrow
00:24 Orc Burrow
00:24 Orc Burrow
00:25 Orc Burrow
00:25 Orc Burrow
00:26 Orc Burrow
00:26 Orc Burrow
00:26 Orc Burrow
00:27 Orc Burrow
00:27 Orc Burrow
00:27 Orc Burrow
00:28 Orc Burrow
00:28 Orc Burrow
00:29 Orc Burrow
00:29 Orc Burrow
00:29 Orc Burrow
00:29 Orc Burrow
00:30 Orc Burrow
00:30 Orc Burrow
00:31 Orc Burrow
00:31 Orc Burrow
00:31 Orc Burrow
00:32 Orc Burrow
00:32 Orc Burrow
00:32 Orc Burrow
00:33 Orc Burrow
00:33 Orc Burrow
00:33 Orc Burrow
00:34 Orc Burrow
00:34 Orc Burrow
00:34 Orc Burrow
00:35 Orc Burrow
00:35 Orc Burrow
00:36 Orc Burrow
00:36 Orc Burrow
00:36 Orc Burrow
00:37 Orc Burrow
00:37 Orc Burrow
00:37 Orc Burrow
00:38 Orc Burrow
00:38 Orc Burrow
00:39 Orc Burrow
00:39 Orc Burrow
00:39 Orc Burrow
00:40 Orc Burrow
00:40 Orc Burrow
00:41 Orc Burrow
00:41 Orc Burrow
00:41 Orc Burrow
00:42 Orc Burrow
00:42 Orc Burrow
00:42 Orc Burrow
00:43 Orc Burrow
00:43 Orc Burrow
00:44 Orc Burrow
00:44 Orc Burrow
00:44 Orc Burrow
00:45 Orc Burrow
00:45 Orc Burrow
00:46 Orc Burrow
00:46 Orc Burrow
00:46 Orc Burrow
00:47 Orc Burrow
00:47 Orc Burrow
00:47 Orc Burrow
00:48 Orc Burrow
00:48 Orc Burrow
00:48 Orc Burrow
00:49 Orc Burrow
00:49 Orc Burrow
00:49 Orc Burrow
00:49 Orc Burrow
00:50 Orc Burrow
00:50 Orc Burrow
00:51 Orc Burrow
00:51 Orc Burrow
00:51 Orc Burrow
00:52 Orc Burrow
00:52 Orc Burrow
00:52 Orc Burrow
00:53 Orc Burrow
00:53 Orc Burrow
00:53 Orc Burrow
00:54 Orc Burrow
00:54 Orc Burrow
00:54 Orc Burrow
00:55 Orc Burrow
00:55 Orc Burrow
team 2 (loser)

»
img]psistorm (
yellow | 94 APM | 3316 actions | 35:22)
6 Death Knight
3 Death Coil
2 Unholy Aura
1 Animate Dead
5 Lich
3 Frost Nova
2 Frost Armor
4 Crypt Lord
2 Impale
2 Spiked Carapace
» actions
| Assign group hotkey | 746 | |
| Basic commands | 22 | |
| Build / train | 69 | |
| Enter build submenu | 15 | |
| Enter hero's abilities submenu | 17 | |
| Give item / drop item | 2 | |
| Right click | 1120 | |
| Select / deselect | 233 | |
| Select group hotkey | 995 | |
| Use ability | 97 | |
3316 total
» units
| Acolyte | 2 | |
| Ghoul | 3 | |
| Crypt Fiend | 9 | |
| Obsidian Statue | 2 | |
| Goblin Shredder | 1 | |
| Goblin Sapper | 7 | |
| Frost Wyrm | 4 | |
| Footman | 8 | |
36 total
» upgrades
| Creature Attack | 3 | |
| Burrow | 1 | |
| Creature Carapace | 2 | |
| Web | 1 | |
| Freezing Breath | 1 | |
| Unholy Strength | 1 | |
9 total
» buildings
| Crypt | 1 | |
| Graveyard | 1 | |
| Altar of Darkness | 1 | |
| Ziggurat | 7 | |
| Tomb of Relics | 1 | |
| Nerubian Tower | 1 | |
| Halls of the Dead | 1 | |
| Black Citadel | 1 | |
| Slaughterhouse | 1 | |
| Sacrificial Pit | 1 | |
| Boneyard | 2 | |
18 total
» build order
00:07 Crypt
00:11 Graveyard
00:44 Altar of Darkness
01:00 Ziggurat
01:25 Tomb of Relics
02:00 Ziggurat
02:33 Nerubian Tower
03:45 Halls of the Dead
03:59 Ziggurat
06:59 Black Citadel
07:04 Slaughterhouse
08:18 Ziggurat
08:19 Ziggurat
10:35 Sacrificial Pit
11:22 Ziggurat
11:55 Boneyard
11:56 Boneyard
15:36 Ziggurat
» items
| Rod of Necromancy | 2 | |
| Orb of Corruption | 1 | |
3 total
418 (
red | 6 APM | 5076 actions | 834:24)
10 Blademaster
3 Wind Walk
3 Critical Strike
1 Bladestorm
3 Mirror Image
» actions
| Assign group hotkey | 14 | |
| Basic commands | 345 | |
| Build / train | 186 | |
| ESC pressed | 11 | |
| Enter build submenu | 42 | |
| Enter hero's abilities submenu | 10 | |
| Give item / drop item | 24 | |
| Right click | 2392 | |
| Select / deselect | 1480 | |
| Select group hotkey | 194 | |
| Use ability | 378 | |
5076 total
» units
| Peon | 43 | |
| Goblin Shredder | 6 | |
| Wind Rider | 11 | |
| Goblin Zeppelin | 2 | |
| Raider | 1 | |
| Demolisher | 2 | |
65 total
» upgrades
| Reinforced Defenses | 1 | |
| Envenomed Spears | 1 | |
| War Drums Damage Increase | 1 | |
| Ranged Weapons | 3 | |
| Armor | 3 | |
| Berserker Strength | 1 | |
| Troll Regeneration | 1 | |
| Berserker Upgrade | 1 | |
| Burning Oil | 1 | |
| Shaman Training | 2 | |
| Witch Doctor Training | 2 | |
| Spirit Walker Training | 2 | |
| Spiked Barricades | 3 | |
| Masonry | 1 | |
| Defend | 1 | |
| Ensnare | 1 | |
| Liquid Fire | 1 | |
| Melee Weapons | 3 | |
| Pillage | 1 | |
| Backpack | 1 | |
| Pulverize | 1 | |
32 total
» buildings
| Altar of Storms | 1 | |
| Orc Burrow | 5 | |
| Voodoo Lounge | 2 | |
| War Mill | 1 | |
| Stronghold | 1 | |
| Watch Tower | 16 | |
| Fortress | 1 | |
| Beastiary | 2 | |
| Great Hall | 7 | |
| Barracks | 2 | |
| Spirit Lodge | 1 | |
| Tauren Totem | 2 | |
41 total
» build order
00:10 Altar of Storms
00:22 Orc Burrow
00:44 Voodoo Lounge
01:21 War Mill
02:43 Stronghold
04:02 Watch Tower
04:04 Watch Tower
05:06 Fortress
05:11 Watch Tower
05:12 Watch Tower
05:16 Orc Burrow
06:00 Beastiary
06:01 Beastiary
06:49 Orc Burrow
09:12 Watch Tower
09:14 Watch Tower
09:16 Watch Tower
09:19 Watch Tower
10:29 Watch Tower
10:54 Orc Burrow
14:02 Watch Tower
14:03 Watch Tower
14:07 Watch Tower
14:09 Watch Tower
14:09 Watch Tower
14:10 Watch Tower
14:10 Watch Tower
14:54 Orc Burrow
16:17 Great Hall
18:52 Great Hall
18:53 Barracks
18:55 Spirit Lodge
30:44 Voodoo Lounge
32:10 Great Hall
37:03 Tauren Totem
37:05 Tauren Totem
91:09 Great Hall
107:10 Great Hall
108:20 Great Hall
117:08 Great Hall
249:44 Barracks
» items
| Healing Salve | 2 | |
| Lesser Clarity Potion | 2 | |
| Scroll of Town Portal | 2 | |
| Orb of Lightning | 1 | |
| Health Stone | 14 | |
| Mana Stone | 7 | |
| Potion of Divinity | 5 | |
| Tiny Great Hall | 6 | |
| Ankh of Reincarnation | 4 | |
| Belt of Giant Strength +6 | 2 | |
| Red Drake Egg | 4 | |
| Talisman of the Wild | 1 | |
| Stone Token | 1 | |
| Inferno Stone | 1 | |
| Demonic Figurine | 2 | |
| Boots of Quel'Thalas +6 | 5 | |
| Spiked Collar | 1 | |
| Amulet of the Wild | 2 | |
| Ice Shard | 1 | |
| Book of the Dead | 1 | |
| Runed Bracers | 4 | |
| Robe of the Magi +6 | 2 | |
| Scroll of Restoration | 1 | |
| Scourge Bone Chimes | 2 | |
| Alleria's Flute of Accuracy | 1 | |
74 total
stenislau (
orange | 3 APM | 2292 actions | 841:06)
5 Tauren Chieftain
2 War Stomp
3 Endurance Aura
» actions
| Assign group hotkey | 18 | |
| Basic commands | 398 | |
| Build / train | 40 | |
| Enter build submenu | 18 | |
| Enter hero's abilities submenu | 5 | |
| Right click | 800 | |
| Select / deselect | 475 | |
| Select group hotkey | 457 | |
| Use ability | 80 | |
2292 total
» units
| Peon | 9 | |
| Troll Headhunter/Berserker | 9 | |
| Forest Troll Shadow Priest | 1 | |
| Goblin Zeppelin | 1 | |
20 total
» upgrades
| Ranged Weapons | 2 | |
| Armor | 2 | |
| Spiked Barricades | 1 | |
| Troll Regeneration | 1 | |
| Reinforced Defenses | 1 | |
7 total
» buildings
| Altar of Storms | 1 | |
| Orc Burrow | 9 | |
| Barracks | 3 | |
| War Mill | 1 | |
| Voodoo Lounge | 1 | |
| Stronghold | 1 | |
| Fortress | 1 | |
| Beastiary | 2 | |
19 total
» build order
00:20 Altar of Storms
00:40 Orc Burrow
00:58 Barracks
01:32 War Mill
02:02 Orc Burrow
02:35 Barracks
03:06 Orc Burrow
03:46 Orc Burrow
03:52 Voodoo Lounge
08:08 Stronghold
09:45 Orc Burrow
10:29 Orc Burrow
11:02 Fortress
12:54 Orc Burrow
14:00 Orc Burrow
14:09 Orc Burrow
14:15 Barracks
14:56 Beastiary
14:59 Beastiary
» items
| Healing Salve | 3 | |
| Lesser Clarity Potion | 1 | |
| Orb of Lightning | 1 | |
5 total
bisky (
purple | 60 APM | 909 actions | 15:05)
3 Archmage
1 Summon Water Elemental
2 Brilliance Aura
» actions
| Assign group hotkey | 22 | |
| Basic commands | 34 | |
| Build / train | 40 | |
| ESC pressed | 1 | |
| Enter build submenu | 11 | |
| Enter hero's abilities submenu | 3 | |
| Right click | 382 | |
| Select / deselect | 144 | |
| Select group hotkey | 243 | |
| Use ability | 29 | |
909 total
» units
» upgrades
» buildings
| Altar of Kings | 1 | |
| Farm | 6 | |
| Lumber Mill | 1 | |
| Barracks | 2 | |
| Blacksmith | 1 | |
| Keep | 1 | |
| Castle | 1 | |
| Arcane Vault | 1 | |
14 total
» build order
00:24 Altar of Kings
00:34 Farm
00:36 Farm
00:52 Lumber Mill
01:39 Farm
02:05 Barracks
02:24 Barracks
02:41 Blacksmith
03:13 Keep
04:01 Farm
04:03 Farm
04:03 Farm
09:15 Castle
10:40 Arcane Vault
» items
| Potion of Healing | 1 | |
| Scroll of Regeneration | 2 | |
| Orb of Fire | 1 | |
| Staff of Sanctuary | 1 | |
5 total
Chat log
(00:22 / All) bisky: gluttonous-unit is fat nerd hacker
(00:29 / All) stenislau: gl hf
(00:43 / All) DiAbLo-JoiNt: greens trying to drop hack
(00:49 / All) 418: WHY EVEN PLAY THE GAME?
(00:50 / All) 418: YOU ARENT ACTUALLY PLAYING
(00:55 / All) 418: I DONT GET IT
(00:56 / All) 418: YOU ARENT EVEN PLAYING THE GAME, YOU ARENT HAVING ANY KIND OF REAL FUN
(01:16 / All) img]psistorm: is drophacking fun?
(01:18 / All) DiAbLo-JoiNt: top left
(01:21 / All) bisky: he doesnt have any friends and he loses when he tries
(01:25 / All) bisky: so its the closest he can get to having fun
(01:32 / All) Gluttonous-Unit: lawls
(01:34 / All) DiAbLo-JoiNt: gonna get the stupid nigger
(01:37 / All) 418: HOW CAN SLAMMING ON THE F2 KEY BE FUN?
(01:38 / All) Gluttonous-Unit: i just love seeing your reactions
(01:47 / All) bisky: cuz u know its all true
(01:47 / All) DiAbLo-JoiNt: react to this faggot
(01:50 / All) bisky: and u think we are fortune tellers
(02:12 / All) DiAbLo-JoiNt: HACKER DOWN
(02:14 / All) bisky: whats gunna happen when u are failing at life
(02:17 / All) bisky: instead of hacking u will kill urself
(02:17 / All) Gluttonous-Unit: lawls
(02:21 / All) DiAbLo-JoiNt: WHITES UP
(02:25 / All) Gluttonous-Unit: ahahaha
(02:26 / All) 418: HONESTLY
(02:27 / All) img]psistorm: spics down
(02:28 / All) 418: YOU DONT PLAY THE GAME
(02:31 / All) DiAbLo-JoiNt: HACKER DOWN
(02:32 / All) Gluttonous-Unit: i love how im runing diablos games
(02:36 / All) 418: YOUR ACCOUNT WILL BE BANNED, AND ALL THAT HARD WORK WILL BE GONE
(02:40 / All) 418: ID SAY HES RUINING YOUR GAME YOU DUMB VIRGIN
(02:43 / All) Gluttonous-Unit: yea then guess what
(02:46 / All) Gluttonous-Unit: ill pay 10 bucks
(02:49 / All) Gluttonous-Unit: todo it all over again
(02:55 / All) 418: $10 WASTED
(02:59 / All) DiAbLo-JoiNt: AND ILL KEEP STABBING YOUR NIGGER ASS LOL
(02:59 / All) Gluttonous-Unit: lawls
(03:04 / All) 418: AS OF NOW THOUGH
(03:05 / All) bisky: thats not how it works they will ban u and stop the hack permanently
(03:06 / All) Gluttonous-Unit: true
(03:06 / All) bisky: lol
(03:07 / All) 418: YOU ARENT PLAYING THE GAME
(03:10 / All) Gluttonous-Unit: well keep the challenge up
(03:11 / All) 418: ANSWER MY QUESTION
(03:12 / All) 418: WHAT IS FUN ABOUT THIS
(03:19 / All) Gluttonous-Unit: bisky your an idiot
(03:22 / All) Gluttonous-Unit: they ban cd keys
(03:24 / All) 418: ANSWER MY QUESTION FATTY
(03:25 / All) bisky: ya im an idiot
(03:29 / All) Gluttonous-Unit: yea you are
(03:30 / All) 418: WHAT IS FUN ABOUT THIS
(03:35 / All) bisky: they get rid of the hack websites dumb nerd
(03:39 / All) bisky: and ban the hacks
(03:40 / All) Gluttonous-Unit: o yea
(03:47 / All) 418: FATTY
(03:48 / All) Gluttonous-Unit: they get rid of the hack websites
(03:51 / All) 418: ANSWER MY QUESTION
(03:52 / All) Gluttonous-Unit: wow your so retarded
(03:54 / All) 418: WHAT IS FUN ABOUT DROP HACKING?
(04:03 / All) Gluttonous-Unit: you scremaing like you are now
(04:09 / All) bisky: i expected u to be dumb but come on
(04:11 / All) 418: I ALWAYS TYPE IN CAPS FATTY
(04:14 / All) bisky: ur just like a 4 year old
(04:17 / All) EuroVisionisGG: because playing with 40% 10 year olds is fun as fuck right red
(04:19 / All) img]psistorm: CAPS FTW
(04:24 / All) 418: YOU ARENT PLAYING THE GAME
(04:25 / All) 418: SO WHAT IS FUN
(04:25 / All) EuroVisionisGG: youre so much better than the hackers
(04:27 / All) 418: WHAT DO YOU GET OUT OF THIS
(04:32 / All) img]psistorm: SEX
(04:43 / All) 418: THE WINS WILL BE GONE WHEN YOU GET BANNED
(04:43 / All) Gluttonous-Unit: you getting pist off ahahah
(04:45 / All) DiAbLo-JoiNt: 2 hackers in an hour
(04:46 / All) 418: YOU ARENT PLAYING
(04:47 / All) DiAbLo-JoiNt: im a fucking hero
(04:48 / All) 418: SO WHAT IS FUN
(04:52 / All) bisky: lol pist
(04:52 / All) 418: NOBODY'S PISSED OFF, YOU JUST GOT RAPED BY DIABLO JOINT
(04:57 / All) bisky: destroy the english language imo
(04:59 / All) DiAbLo-JoiNt: HACKER DOWN
(05:05 / All) 418: FATTY CANT ANSWER THE FUCKING QUESTION
(05:08 / All) DiAbLo-JoiNt: THE MASTER RACE PREVAILS
(05:08 / All) bisky: make it more obvious ur a little kid
(05:11 / All) bisky: by saying things like pist
(05:19 / All) bisky: lol pist
(05:29 / All) 418: HE RAGE QUIT BEFORE ANSWERING MY QUESTION
(05:37 / All) DiAbLo-JoiNt: nothing, he started to run his peons
(06:30 / All) img]psistorm: WHYD NEVERLOSETO YOU GET BANNED
(06:41 / All) 418: HE PROBABLY MESSED UP HIS CRASH HACKING
(07:51 / All) DiAbLo-JoiNt: lol
(13:48 / All) img]psistorm: leave me alone
(16:53 / All) DiAbLo-JoiNt: who creeped my side lol
(16:58 / All) img]psistorm: ME LOL
(18:16 / All) img]psistorm: furbogs!
(23:59 / All) DiAbLo-JoiNt: I COME
(26:09 / All) DiAbLo-JoiNt: LOL I JUST NOTICED TEAL HAS 2 WISPS ON GOLD
(30:09 / All) img]psistorm: NOOOO
(30:10 / All) img]psistorm: SAVE ME
(33:45 / All) DiAbLo-JoiNt: so who else enjoyed this game
(33:51 / All) img]psistorm: I DID!
(34:09 / All) img]psistorm: UNTIL MY HEROS DIED
(34:14 / All) DiAbLo-JoiNt: 2 crash hackers stabbed today
(34:19 / All) DiAbLo-JoiNt: im a hero
(34:32 / All) img]psistorm: CAN I GET YOUR AUTOGRAPH DJ
(34:39 / All) DiAbLo-JoiNt: yes
(34:47 / All) img]psistorm: ON MY PENIS?
(34:47 / All) DiAbLo-JoiNt: ill sign it with my penis
(34:57 / All) stenislau: penis fight? lol
(35:18 / All) img]psistorm: THIS IS SILLY IMA QUIT
(35:20 / All) img]psistorm: CYA GUYS
(35:23 / All) 418: BYE
(38:39 / All) DiAbLo-JoiNt: kill all this
(38:40 / All) DiAbLo-JoiNt: for 10
(39:28 / All) DiAbLo-JoiNt: take the chims
(39:30 / All) DiAbLo-JoiNt: top base
(40:05 / All) DiAbLo-JoiNt: not even a level?
(293:49 / All) 418: MISSION SUCCESSFUL
(293:52 / All) 418: CLEARCUTTING COMPLETE!